 Dungeon Crawl Stone Soup version 0.29-a0-393-g47a863cc1b (webtiles) character file.

Game seed: 13887924520289376069

2152 jimonade the Thaumaturge (level 9, 0/65 HPs)
             Began as a Djinni Conjurer on May 9, 2022.
             Was an Initiate of Makhleb.
             Killed by an exploding fulminant prism (30 damage)
             ... on level 7 of the Dungeon.
             The game lasted 00:23:58 (9678 turns).

jimonade the Thaumaturge (Djinni Conjurer)          Turns: 9678, Time: 00:24:00

Health: 0/65       AC:  5    Str: 10    XL:     9   Next: 56%
Gold:   380        EV: 11    Int: 20    God:    Makhleb [......] SH:  0 Dex: 12

rFire   + + .      SeeInvis .   E - +0 dagger (venom)
rCold   x . .      Faith    .   (no shield)
rNeg    . . .      Spirit   .   g - +0 leather armour
rPois   ∞          Reflect  .   M - +0 helmet
rElec   .          Harm     .   (no cloak)
rCorr   .          Rampage  .   K - +0 pair of gloves
Will    .....                   (boots unavailable)
Stlth   +.........              (no amulet)
HPRegen 0.20/turn               (no ring)
MPRegen 0.00/turn               (no ring)

@: flying
A: sickness immunity, fire resistance 2, cold vulnerability 1, float, innate
caster, HP casting, extra vitality 1
a: Renounce Religion


You were on level 7 of the Dungeon.
You worshipped Makhleb.
Makhleb was noncommittal.
You visited 2 branches of the dungeon, and saw 8 of its levels.

You collected 380 gold pieces.

Inventory:

Hand Weapons
 f - a +2 short sword of holy wrath
 E - a +0 dagger of venom (weapon)
 F - a +2 spear
 N - a +2 war axe of freezing
 P - a +0 spear
 S - a +2 antimagic morningstar
Missiles
 k - 2 throwing nets
 r - 191 stones
 t - 11 poisoned darts
 v - 2 curare-tipped darts
 D - 3 atropa-tipped darts
Armour
 a - a +0 robe
 g - a +0 leather armour (worn)
 j - a +0 chain mail
 y - a +0 scale mail
 z - a +0 plate armour
 A - a +0 kite shield
 K - a +0 pair of gloves (worn)
 M - a +0 helmet (worn)
 R - a +0 ring mail
Wands
 C - a wand of mindburst (11)
 G - a wand of polymorph (4)
 L - a wand of paralysis (9)
Scrolls
 b - a scroll of magic mapping {unknown}
 e - 9 scrolls of identify {unknown}
 n - a scroll of acquirement {unknown}
 o - 4 scrolls of noise {unknown}
 p - 2 scrolls of blinking {unknown}
 s - a scroll of vulnerability {unknown}
 u - a scroll of amnesia {unknown}
 B - 2 scrolls of teleportation {unknown}
 H - a scroll of brand weapon {unknown}
 I - a scroll of silence {unknown}
 J - 3 scrolls of fog {unknown}
 O - a scroll of enchant weapon {unknown}
Potions
 c - 3 potions of heal wounds {unknown}
 d - a potion of brilliance {unknown}
 h - a potion of ambrosia {unknown}
 i - a potion of magic {unknown}
 l - a potion of lignification {unknown}
 m - 2 potions of might {unknown}
 q - 2 potions of mutation {unknown}
 w - 3 potions of curing {unknown}
 x - 2 potions of invisibility {unknown}


   Skills:
 * Level 5.2 Fighting
 + Level 4.0 Armour
 - Level 2.1 Dodging
 - Level 1.5 Stealth
 + Level 8.3 Spellcasting


You had one spell level left.
You knew the following spells:

 Your Spells              Type           Power      Damage    Failure   Level
a - Magic Dart            Conj           100%       1d8       1%          1
b - Searing Ray           Conj           82%        2d7       1%          2
c - Dazzling Flash        Conj/Hex       82%        N/A       1%          3
d - Fulminant Prism       Conj/Hex       20%        3d13      3%          4
e - Iskenderun's Mystic   Conj/Tloc      41%        2d9       3%          4
f - Beastly Appendage     Tmut           82%        N/A       1%          1
g - Wereblood             Tmut           41%        N/A       1%          2
h - Scorch                Fire           82%        2d9       1%          2
i - Summon Lightning Spi  Summ/Air       41%        N/A       3%          4
Your spell library was empty.

Dungeon Overview and Level Annotations

Branches:
Dungeon (7/15)             Temple (1/1) D:7

Altars:
Cheibriados
Dithmenos
Gozag
Hepliaklqana
Kikubaaqudgha
Makhleb
Nemelex Xobeh
Okawaru
Qazlal
Ru
Trog
Uskayaw
Vehumet
Yredelemnul
The Shining One

Shops:
D:2 :   D:3 :

Annotations:
D:4 exclusion: downstairs


Innate Abilities, Weirdness & Mutations

You are immune to sickness and miasma.
You are immune to poison.
Your flesh is very heat resistant. (rF++)
You are vulnerable to cold. (rC-)
You float through the air rather than walking.
You learn spells naturally, not from books.
Your magical power is your life essence.
You have superior vitality. (+4 MHP)


Message History

The hellwing swoops through the air toward you!
The hellwing closely misses you. The hellwing hits you!
The hellwing attacks as you move away! The hellwing barely misses you. x2
The shadow imp gestures at you. You resist with significant effort.
Your fulminant prism crackles loudly.
Your lightning spire disappears in a puff of smoke!
Your fulminant prism explodes!
Casting: Fulminant Prism (dangerous; 3% risk of failure)
Confirm with . or Enter, or press ? or * to list all spells.
You erupt in a blast of force!
The mystic blast hits the shadow imp!
The shadow imp is almost dead.
The shadow imp is knocked back by the mystic blast.
The mystic blast hits the hellwing!
The hellwing is moderately wounded.
The hellwing is knocked back by the mystic blast.
Casting: Iskenderun's Mystic Blast (dangerous; 3% risk of failure)
Confirm with . or Enter, or press ? or * to list all spells.
Aiming: Fulminant Prism (dangerous; 3% risk of failure)
Press: ? - help, Dir - move target You conjure a prism of explosive energy!
A fulminant prism comes into view.
The shadow imp shouts, "Slither home, thou foisting onion-eyed dewberry!"
A centaur warrior zombie comes into view.
An ogre comes into view. It is wielding a +0 giant club.
Casting: Fulminant Prism (dangerous; 3% risk of failure)
Confirm with . or Enter, or press ? or * to list all spells.
You erupt in a blast of force!
The mystic blast hits the hellwing.
The hellwing is moderately wounded.
The hellwing is knocked back by the mystic blast.
The ogre shouts!
Your fulminant prism crackles loudly.
Unknown command.
The shadow imp gestures at you. You resist with significant effort.
Your fulminant prism explodes!
The blast of energy engulfs the hellwing!!
The hellwing is almost dead.
The blast of energy engulfs you!!
You die...

#. #.# ## ###.. .#####
.....#.#...###
.####........... .
....#..#.#.<..##.# .
#..............
..##...#@..#...###
#...#Z....4.#...#
#.....>.....#.# #
....#.....†.#...##.
P.....5#...#........
.............#####.#
......#.#O#....# #.#
......#.....##.###.######
......#..#.###..##.##....


You could see a hellwing, an ogre, a shadow imp and a centaur warrior zombie.

Vanquished Creatures
  A gargoyle (D:5)
  A wyvern (D:7)
  Eustachio (D:5)
  2 water moccasins
  An ice beast (D:6)
  An ogre (D:6)
  A phantom (D:7)
  A gnoll sergeant (D:4)
  A necrophage (D:5)
  3 scorpions
  5 wights (D:4)
  A howler monkey (D:4)
  A jelly (D:6)
  A hound (D:4)
  A gnoll shaman (D:6)
  Jessica (D:2)
  2 orc wizards
  2 iguanas
  Terence (D:3)
  5 gnolls (D:6)
  10 adders
  A shadow imp (D:7)
  3 white imps
  An ufetubus (D:6)
  A worm (D:4)
  2 dart slugs
  14 orcs
  9 endoplasms
  5 giant cockroaches
  8 goblins
  4 hobgoblins
  7 jackals
  3 quokkas
  6 ball pythons
  6 bats
  12 frilled lizards
  6 kobolds
  7 rats
138 creatures vanquished.

Vanquished Creatures (collateral kills)
  A shadow imp (D:7)
1 creature vanquished.

Vanquished Creatures (others)
  27 fulminant prisms
  7 plants
  A withered plant (D:7)
35 creatures vanquished.

Grand Total: 174 creatures vanquished

Notes
Turn   | Place    | Note
-------+----------+-------------------------------------------
     0 | D:1      | jimonade the Djinni Conjurer began the quest for the Orb.
     0 | D:1      | Reached XP level 1. HP: 15/15 MP: 0/0
    46 | D:1      | You are sucked into a shaft and drop 1 floor!
    52 | D:2      | Reached XP level 2. HP: 15/22 MP: 0/0
    56 | D:2      | Reached XP level 3. HP: 13/26 MP: 0/0
    56 | D:2      | Learned a level 1 spell: Beastly Appendage
   306 | D:2      | Reached skill level 1 in Fighting
   488 | D:2      | Reached skill level 4 in Spellcasting
   718 | D:2      | Found Dypsia Saff's Book Boutique.
   816 | D:2      | Reached XP level 4. HP: 31/32 MP: 0/0
   998 | D:2      | Noticed Jessica
  1004 | D:2      | Killed Jessica
  1148 | D:2      | Found a faded altar of an unknown god.
  1422 | D:1      | Reached XP level 5. HP: 29/37 MP: 0/0
  1422 | D:1      | Learned a level 2 spell: Wereblood
  2459 | D:3      | Found Ocliysa's Book Emporium.
  3132 | D:3      | Reached skill level 1 in Armour
  3505 | D:3      | Found an iron altar of Okawaru.
  3606 | D:3      | Noticed Terence
  3616 | D:3      | Killed Terence
  3617 | D:3      | Reached XP level 6. HP: 35/43 MP: 0/0
  3849 | D:3      | Found a hide-covered altar of Uskayaw.
  4178 | D:4      | Reached skill level 5 in Spellcasting
  4181 | D:4      | Reached XP level 7. HP: 7/49 MP: 0/0
  4181 | D:4      | Learned a level 2 spell: Scorch
  4780 | D:4      | Found a bloodstained altar of Trog.
  5546 | D:4      | Found a faded altar of an unknown god.
  5549 | D:4      | Found a hazy altar of Hepliaklqana.
  5975 | D:4      | Noticed a water moccasin
  5986 | D:4      | Killed a water moccasin
  5987 | D:4      | Reached skill level 6 in Spellcasting
  5987 | D:4      | Reached XP level 8. HP: 9/56 MP: 0/0
  6835 | D:5      | Entered Level 5 of the Dungeon
  6992 | D:5      | Noticed a gargoyle
  7133 | D:5      | Noticed Eustachio
  7149 | D:5      | Killed Eustachio
  7723 | D:5      | Killed a gargoyle
  7724 | D:5      | Reached skill level 7 in Spellcasting
  7724 | D:5      | Reached XP level 9. HP: 49/63 MP: 0/0
  7724 | D:5      | Learned a level 4 spell: Summon Lightning Spire
  8640 | D:6      | Found a sacrificial altar of Ru.
  8755 | D:6      | Reached skill level 5 in Fighting
  8883 | D:6      | Reached skill level 8 in Spellcasting
  8971 | D:6      | Found a stormy altar of Qazlal.
  9564 | D:7      | Found a staircase to the Ecumenical Temple.
  9570 | Temple   | Entered the Ecumenical Temple
  9638 | Temple   | Became a worshipper of Makhleb the Destroyer
  9667 | D:7      | Noticed a hellwing
  9678 | D:7      | Killed by an exploding fulminant prism

Illustrated notes

Levels and vault maps discovered:
D:1:      arrival_zaba_pyramid, layout_basic, minmay_lizard_king
D:2:      layout_rooms, shapermc_ecumenical_altar_venn, serial_shops, shop,
          kennysheep_cross_room, grunt_ministairs_3, corexii_shack, uniq_jessica
D:3:      layout_basic, okawaru_gym_becter, general_overflow_altar,
          serial_shops, shop, uniq_terence
D:4:      layout_loops_corners, beargit_hepliaklqana_dungeon_heroes,
          mainiacjoe_overflow_surrounded_room, serial_park_tiny_2,
          kennysheep_windowed_goal
D:5:      layout_basic, uniq_eustachio
D:6:      layout_layer_cave, hangedman_ru_absence, mainiacjoe_overflow_brackets,
          kennysheep_generic_room_10
D:7:      cheibrodos_grave_circle, layout_rooms, mainiacjoe_overflow_catwalk,
          zin_angel, minmay_temple_entry_sparse_star
Temple:   dpeg_three_leaves_temple

Skill      XL: |  1  2  3  4  5  6  7  8  9 |
---------------+----------------------------+-----
Fighting       | 1 2 3 4 5 |  5.2
Spellcasting   | 4 5 6 7 8 |  8.3
Armour         | 1 2 3 4 |  4.0
Dodging        | |  2.1
Stealth        | |  1.5

Action                   |  1- 3 |  4- 6 |  7- 9 || total
-------------------------+-------+-------+-------++-------
Melee: Dagger            |     1 |    24 |     5 ||    30
       Hand axe          |       |       |     4 ||     4
 Cast: Magic Dart        |    40 |    99 |    34 ||   173
       Searing Ray       |       |    12 |     2 ||    14
       Scorch            |       |       |    55 ||    55
       Fulminant Prism   |       |       |    27 ||    27
       Iskenderun's Myst |       |       |     4 ||     4
       Summon Lightning  |       |       |     3 ||     3
       Wereblood         |       |       |     1 ||     1
 Stab: Sleeping          |       |     1 |       ||     1
Armor: Robe              |     1 |       |       ||     1
       Leather armour    |       |    30 |     5 ||    35
Dodge: Dodged            |     9 |    45 |    29 ||    83
Block: Kite shield       |       |       |     8 ||     8

Table legend: (Time is in decaauts)
 A = Elapsed time spent in this place.
 B = Non-inter-level travel time spent in this place.
 C = Inter-level travel time spent in this place.
 D = Time resting spent in this place.
 E = Time spent auto-exploring this place.
 F = Levels seen in this place.
 G = Mean time per level.
                   A        B        C        D        E       F      G
               +--------+--------+--------+--------+--------+-----+--------+
         Total |   9689 |   9335 |    354 |   2367 |   5416 |   8 | 1211.1 |
       Dungeon |   9607 |   9265 |    342 |   2367 |   5358 |   7 | 1372.4 |
        Temple |     81 |     69 |     12 |      0 |     58 |   1 |   81.0 |
               +--------+--------+--------+--------+--------+-----+--------+

Top non-repeatable levels by time:
     D:3: 2359 daAuts
     D:4: 1806 daAuts
     D:2: 1664 daAuts
     D:6: 1463 daAuts
     D:1: 1078 daAuts
     D:5: 1073 daAuts
     D:7: 162 daAuts
  Temple: 81 daAuts
